 Dungeon Crawl Stone Soup version 0.26-a0-1101-g8f9f7f7418 (webtiles) character file.

Game seed: 8768478031289347272

5555 Dracia the Impaler (level 10, 0/67 HPs)
             Began as a Merfolk Gladiator on Dec 15, 2020.
             Was a Priest of Okawaru.
             Slain by a five-headed hydra (12 damage)
             ... on level 11 of the Dungeon.
             The game lasted 00:14:22 (7829 turns).

Dracia the Impaler (Merfolk Gladiator)              Turns: 7829, Time: 00:14:22

Health: 0/67       AC: 12    Str: 14    XL:     10   Next: 71%
Magic:  0/11       EV: 16    Int: 11    God:    Okawaru [***...]
Gold:   568        SH:  0    Dex: 15    Spells: 9/9 levels left

rFire    . . .     SeeInvis .   a - +3 trident
rCold    . . .     Faith    .   (no shield)
rNeg     . . .     Spirit   +   q - +3 ring mail "Dysseg" {rElec Str-3 Int+2}
rPois    +         Reflect  .   c - +1 helmet
rElec    +         Harm     .   (no cloak)
rCorr    .         Rampage  .   h - +0 pair of gloves
Will     .....                  (no boots)
Stlth    ++........             G - amulet of guardian spirit
HPRegen  0.21/turn              (no ring)
MPRegen  0.12/turn              P - ring of poison resistance

@: mighty, heroism, very slightly contaminated, invisible
A: change form in water, swift swim, stealthy swim
a: Heroism, Renounce Religion


You were on level 11 of the Dungeon.
You worshipped Okawaru.
Okawaru was most pleased with you.
You visited 2 branches of the dungeon, and saw 12 of its levels.

You collected 568 gold pieces.


   Skills:
 - Level 2.1(7.1) Fighting
 - Level 20.0(25.0) Polearms
 - Level 2.0(7.0) Throwing
 + Level 4.7(9.7) Dodging
 + Level 1.6 Invocations


You had 9 spell levels left.
You didn't know any spells.
Your spell library contained the following spells:

 Spells                   Type           Power        Failure   Level
 Beastly Appendage        Tmut           #.....       56%         1
 Magic Dart               Conj           #...         56%         1
 Searing Ray              Conj           #.....       71%         2
 Wereblood                Tmut           #.......     71%         2
 Dazzling Flash           Conj/Hex       #.....       90%         3
 Spider Form              Tmut/Pois      #.........   90%         3
 Fulminant Prism          Conj/Hex       #.........   100%        4
 Ice Form                 Ice/Tmut       #.......     100%        4
 Iskenderun's Mystic Bla  Conj/Tloc      #.......     100%        4
 Blade Hands              Tmut           #.........   100%        5

Inventory:

Hand Weapons
 a - a +3 trident (weapon)
 k - a +2 glaive of protection
Missiles
 d - 4 throwing nets (quivered) {=f=f}
 E - 7 atropa-tipped darts
 F - 7 poisoned darts
Armour
 b - a +0 leather armour
 c - a +1 helmet (worn)
 e - a +0 ring mail
 h - a +0 pair of gloves (worn)
 n - the +1 pair of gloves "Ryaschyts" {*Slow rPois Dex-5 Stlth+}
   (You found it on level 8 of the Dungeon)

   It affects your dexterity (-5).
   It protects you from poison.
   It may slow you when you take damage.
   It makes you more stealthy.
 q - the +3 ring mail "Dysseg" (worn) {rElec Str-3 Int+2}
   (You found it on level 6 of the Dungeon)

   It affects your strength (-3).
   It affects your intelligence (+2).
   It insulates you from electricity.
 y - a +1 hat
Magical Staves
 D - a cursed staff of air {!a!a, unknown}
Jewellery
 t - an uncursed ring of teleportation
 G - an amulet of guardian spirit (around neck)
 P - a ring of poison resistance (right hand)
Wands
 f - a wand of enslavement (24)
 s - a wand of iceblast (5)
 A - a wand of paralysis (12)
 B - a wand of polymorph (11)
Scrolls
 g - 6 scrolls of teleportation {@r4@r4}
 i - 8 scrolls of remove curse {@r2@r2}
 m - 5 scrolls of identify {@r1@r1}
 o - a scroll of amnesia
 p - 2 scrolls of random uselessness
 r - a scroll of fog
 u - a scroll of fear
 z - a scroll of enchant armour
 C - a scroll of blinking
Potions
 j - a potion of attraction
 v - a potion of haste {@q3@q3}

Dungeon Overview and Level Annotations

Branches:
Dungeon (11/15)            Temple (1/1) D:6
   Lair: D:8-11         Orc: D:9-12

Altars:
Ashenzari
Cheibriados
Dithmenos
Elyvilon
Fedhas
Gozag
Hepliaklqana
Kikubaaqudgha
Makhleb
Nemelex Xobeh
Okawaru
Qazlal
Ru
Sif Muna
Trog
Uskayaw
Vehumet
Wu Jian
Xom
Yredelemnul
Zin
The Shining One

Annotations:
D:5 2 transporters, Dracia's ghost, novice DrCj

####### ##### ##+######
#.....####...###........
#..............#.)......
#......@Dr.....'........
#..............#........
#.....##########........
#.....##.......#.....#+#
#.....#........#.....#..
#.....#........#.....#..
#.....#........#.....#..
#.....'........#.....#..
#.....#........#.....#..


You could see a five-headed hydra and a quokka.


Message History

The five-headed hydra bites you! x2
* * * LOW HITPOINT WARNING * * *
The five-headed hydra bites you.
* * * LOW HITPOINT WARNING * * *
There is an open door here.
The quokka barely misses you.
You fade into invisibility!
You are very lightly contaminated with residual magic.
You feel very mighty all of a sudden.
Use which ability? (? or * to list)
You gain the combat prowess of a mighty hero.
The five-headed hydra barely misses you.
The five-headed hydra closely misses you.
The five-headed hydra barely misses you.
The five-headed hydra bites you but does no damage.
The five-headed hydra barely misses you.
You puncture the five-headed hydra!
The five-headed hydra is heavily wounded.
The quokka barely misses you.
The five-headed hydra barely misses you.
The five-headed hydra bites you.
* * * LOW HITPOINT WARNING * * *
The five-headed hydra barely misses you. x2
The five-headed hydra closely misses you.
You puncture the five-headed hydra!
The five-headed hydra is severely wounded.
The five-headed hydra bites you!
* * * LOW HITPOINT WARNING * * *
The five-headed hydra misses you. The five-headed hydra bites you!
You die...

Skill      XL: |  1  2  3  4  5  6  7  8  9 10 |
---------------+-------------------------------+-----
Polearms       | 5 6 8 10 11 13 15 18 20 | 20.0
Invocations    | 1 |  1.6
Fighting       | |  2.1
Throwing       | |  2.0
Dodging        | |  4.7

Action                   |  1- 3 |  4- 6 |  7- 9 | 10-12 || total
-------------------------+-------+-------+-------+-------++-------
Melee: Trident           |   114 |    15 |    10 |     7 ||   146
       Glaive            |       |       |   319 |   176 ||   495
Invok: Heroism           |       |       |       |     1 ||     1
  Use: Scroll            |     7 |       |     5 |     4 ||    16
       Potion            |     2 |       |     5 |     5 ||    12
 Stab: Distracted        |       |       |       |     1 ||     1
Armor: Ring mail         |    27 |     3 |   111 |    33 ||   174
Dodge: Dodged            |    64 |     5 |   170 |    84 ||   323

Levels and vault maps discovered:
D:1:      lightli_arrival_boilingwater, layout_basic
D:2:      kb_forest_paths, layout_rooms
D:3:      layout_loops_ring, gammafunk_ghost_cemetery
D:4:      layout_loops_corners, gammafunk_temple_overflow_statue, uniq_menkaure
D:5:      layout_basic, gammafunk_ghost_stat_death
D:6:      layout_basic, minmay_temple_entry_statues, uniq_sigmund,
          uniq_blork_the_orc
D:7:      layout_basic, basic_altar, grunt_ministairs_12,
          ebering_dispersal_statue_hall
D:8:      layout_basic
D:9:      layout_roguey
D:10:     layout_loops_ring
D:11:     layout_gridville, lair_entry_dummy, nrook_pool_corridor
Temple:   regret_index_temple_chain_breaker

Notes
Turn   | Place    | Note
-------+----------+-------------------------------------------
     0 | D:1      | Dracia the Merfolk Gladiator began the quest for the Orb.
     0 | D:1      | Reached XP level 1. HP: 16/16 MP: 1/1
    76 | D:1      | Reached skill level 5 in Polearms
   172 | D:1      | Reached XP level 2. HP: 22/22 MP: 2/2
   483 | D:1      | Reached skill level 6 in Polearms
   483 | D:1      | Reached XP level 3. HP: 26/27 MP: 3/3
   885 | D:3      | Found a runed translucent gate.
   885 | D:3      | Found a runed translucent gate.
   886 | D:3      | Found a runed translucent gate.
  1394 | D:3      | Noticed MoonlitKnight's ghost (amateur MfIE)
  1395 | D:3      | Noticed MoonlitKnight's ghost (amateur MiFi)
  1395 | D:3      | Noticed Danir's ghost (amateur DsFi)
  1395 | D:3      | Noticed qborf's ghost (amateur OpTm)
  1484 | D:3      | Killed Danir's ghost
  1485 | D:3      | Reached skill level 8 in Polearms
  1485 | D:3      | Reached XP level 4. HP: 22/33 MP: 4/4
  1485 | D:3      | Reached XP level 5. HP: 25/38 MP: 5/5
  1487 | D:3      | Killed qborf's ghost
  1488 | D:3      | Reached skill level 10 in Polearms
  1488 | D:3      | Reached XP level 6. HP: 30/44 MP: 6/6
  1499 | D:3      | Killed MoonlitKnight's ghost
  1500 | D:3      | Reached skill level 11 in Polearms
  1500 | D:3      | Reached XP level 7. HP: 19/50 MP: 7/7
  1511 | D:3      | Killed MoonlitKnight's ghost
  1764 | D:4      | Found a shimmering altar of Xom.
  1764 | D:4      | Found a stormy altar of Qazlal.
  1982 | D:4      | Noticed Menkaure
  1987 | D:4      | Identified a potion of resistance
  1989 | D:4      | Killed Menkaure
  1990 | D:4      | Reached skill level 12 in Polearms
  2639 | D:5      | Entered Level 5 of the Dungeon
  2673 | D:5      | Reached skill level 13 in Polearms
  2673 | D:5      | Reached XP level 8. HP: 50/56 MP: 8/8
  2828 | D:5      | Found a transporter.
  2834 | D:5      | Reached skill level 14 in Polearms
  3026 | D:5      | Noticed Dracia's ghost (novice DrCj)
  3041 | D:5      | Found a transporter.
  3291 | D:6      | Noticed Blork the orc
  3306 | D:6      | Killed Blork the orc
  3345 | D:6      | Reached skill level 15 in Polearms
  3618 | D:6      | Noticed Sigmund
  3630 | D:6      | Killed Sigmund
  3631 | D:6      | Reached XP level 9. HP: 61/61 MP: 9/9
  3766 | D:6      | Found a staircase to the Ecumenical Temple.
  3784 | Temple   | Entered the Ecumenical Temple
  3971 | Temple   | Became a worshipper of Warmaster Okawaru
  4017 | D:6      | Reached skill level 16 in Polearms
  4034 | D:6      | Got a masterwork ring mail
  4035 | D:6      | Identified the +3 ring mail "Dysseg" {rElec Str-3 Int+2}
                  | (You found it on level 6 of the Dungeon)
  4328 | D:7      | Found a basalt altar of Yredelemnul.
  5178 | D:8      | Got a pair of shimmering gloves
  5205 | D:8      | Reached * piety under Okawaru
  5206 | D:8      | Reached skill level 17 in Polearms
  5222 | D:8      | Identified the +1 pair of gloves "Ryaschyts" {*Slow rPois
                  | Dex-5 Stlth+} (You found it on level 8 of the Dungeon)
  5975 | D:9      | Reached skill level 18 in Polearms
  6223 | D:9      | Reached XP level 10. HP: 67/67 MP: 10/10
  6276 | D:9      | Reached ** piety under Okawaru
  6547 | D:10     | Entered Level 10 of the Dungeon
  6772 | D:10     | Reached skill level 19 in Polearms
  7457 | D:11     | Noticed a two-headed ogre
  7466 | D:11     | Killed a two-headed ogre
  7466 | D:11     | Reached *** piety under Okawaru
  7613 | D:11     | Reached skill level 20 in Polearms
  7690 | D:11     | Reached skill level 1 in Invocations
  7808 | D:11     | Noticed a five-headed hydra
  7829 | D:11     | Slain by a five-headed hydra

Vanquished Creatures
  A two-headed ogre (D:11)
  A queen bee (shapeshifter) (D:11)
  The ghost of qborf the Changer, an amateur OpTm (D:3)
  Sigmund (D:6)
  The ghost of MoonlitKnight the Cudgeller, an amateur MiFi (D:3)
  2 wyverns
  The ghost of Danir the Chopper, an amateur DsFi (D:3)
  Menkaure (D:4)
  2 water moccasins
  2 orc warriors (D:10)
  2 sky beasts
  2 ice beasts
  A necrophage (D:10)
  4 ogres
  5 centaurs
  The ghost of MoonlitKnight the Chiller, an amateur MfIE of Qazlal (D:3)
  A big kobold (D:10)
  Blork the orc (D:6)
  4 bullfrogs
  7 scorpions
  8 wights
  A howler monkey (D:6)
  3 bullfrog zombies
  A hound (D:7)
  4 jellies
  4 orc priests
  4 orc wizards
  A gnoll shaman (D:9)
  2 iguanas
  6 worker ants
  A worker ant zombie (D:7)
  3 gnolls (D:9)
  A howler monkey skeleton (D:6)
  7 adders
  3 shadow imps
  2 white imps
  An ufetubus (D:10)
  An ooze (D:3)
  2 adder zombies (D:6)
  A worm (D:4)
  A dart slug (D:3)
  5 leopard geckos
  38 orcs
  A ball python (D:4)
  6 bats
  5 giant cockroaches
  5 goblins (D:1)
  A hobgoblin (D:1)
  11 jackals
  5 quokkas
  4 frilled lizards
  5 kobolds
  A quokka skeleton (D:8)
  3 rats
188 creatures vanquished.

Table legend: (Time is in decaauts)
 A = Elapsed time spent in this place.
 B = Non-inter-level travel time spent in this place.
 C = Inter-level travel time spent in this place.
 D = Time resting spent in this place.
 E = Time spent auto-exploring this place.
 F = Levels seen in this place.
 G = Mean time per level.
                   A        B        C        D        E       F      G
               +--------+--------+--------+--------+--------+-----+--------+
         Total |   7732 |   7457 |    275 |    565 |   5730 |  12 |  644.3 |
       Dungeon |   7534 |   7303 |    231 |    565 |   5578 |  11 |  684.9 |
        Temple |    197 |    153 |     44 |      0 |    152 |   1 |  197.0 |
               +--------+--------+--------+--------+--------+-----+--------+

Top non-repeatable levels by time:
     D:4: 1089 daAuts
     D:7: 969 daAuts
     D:3: 913 daAuts
    D:10: 883 daAuts
     D:9: 800 daAuts
     D:6: 653 daAuts
     D:8: 630 daAuts
     D:5: 597 daAuts
     D:1: 590 daAuts
    D:11: 357 daAuts
  Temple: 197 daAuts
     D:2: 49 daAuts

Table legend:
 A = Non-vault XP
 B = Vault XP
 C = Vault XP percentage of total XP
 D = Non-vault monster count
 E = Vault monster count
 F = Vault count percentage of total count
                 A         B        C        D         E       F
            +---------+---------+-------+---------+---------+-------
      Total |    6631 |    1306 |  16.5 |     179 |       9 |   4.8
            +---------+---------+-------+---------+---------+-------
        D:1 |      36 |       0 |   0.0 |      20 |       0 |   0.0
        D:3 |      41 |     734 |  94.7 |      16 |       4 |  20.0
        D:4 |     173 |     183 |  51.4 |      15 |       1 |   6.2
        D:5 |     739 |       0 |   0.0 |      22 |       0 |   0.0
        D:6 |     668 |     306 |  31.4 |      17 |       2 |  10.5
        D:7 |     440 |      83 |  15.9 |      13 |       2 |  13.3
        D:8 |     630 |       0 |   0.0 |      13 |       0 |   0.0
        D:9 |     892 |       0 |   0.0 |      21 |       0 |   0.0
       D:10 |    1538 |       0 |   0.0 |      34 |       0 |   0.0
       D:11 |    1474 |       0 |   0.0 |       8 |       0 |   0.0
            +---------+---------+-------+---------+---------+-------
